cohdb
Replays
Latest Replays
All Replays
Popular Replays
Top Player Replays
Match Explorer
How It Works
Community
CoH3 Stats
Reddit
Sign in to upload your games and track your stats! →
Sign in with Steam
Match 44883803
Unlisted
Match 44883803
Overview
Messages
Build Orders
End
Selects Australian Defense Battlegroup
Selects Australian Light Infantry Section
Australian Light Infantry Section
Vickers Machine Gun Team
Australian Light Infantry Section
Construct Section Command Post
Construct Platoon Command Post
Selects 2-pounder Anti-tank Gun Team
Unlock M3 Stuart Light Tanks
2-pounder Anti-tank Gun Team
M3 Stuart Light Tank
CMP 15cwt Truck
Infantry Training
M3 Stuart Light Tank
Macho Man Randy Savage
Devos
PlammX
Thib_Soldier
Nekrocow
cpt. jack
Espartero
̶H̶e̶c̶t̶o̶r̶
0
0
Comments
sign in to comment!
No comments posted yet!